 Dungeon Crawl Stone Soup version 0.19-a0-1225-gf887c1c (webtiles) character file.

562 MTVSty1e the Skirmisher (level 7, -12/84 HPs)
             Began as a Demonspawn Gladiator on Aug 25, 2016.
             Was a Follower of Okawaru.
             Mangled by Torax's ghost (19 damage)
             ... on level 5 of the Dungeon.
             The game lasted 00:09:49 (3318 turns).

MTVSty1e the Skirmisher (Demonspawn Gladiator)      Turns: 3318, Time: 00:09:50

Health: -12/84     AC: 23    Str: 18    XL:     7   Next: 10%
Magic:  0/7        EV:  4    Int: 14    God:    Okawaru [*.....]
Gold:   166        SH:  0    Dex: 18    Spells: 0 memorised, 6 levels left

rFire  . . .     SeeInvis .     p - +2 hand axe (flame)
rCold  . . .     Gourm    .     (armour currently unavailable)
rNeg   + + +     Faith    .     (no shield)
rPois  +         Spirit   +     (helmet currently unavailable)
rElec  .         Dismiss  .     (cloak currently unavailable)
rCorr  .         Reflect  .     (gloves currently unavailable)
MR     +....     Harm     .     (boots currently unavailable)
Stlth  +++++..... NoTele   +    (no amulet)
                                (no ring)
                                u - ring of protection from magic

@: brilliant, agile, tree-form, heroism
A: (talons 0), repulsion field 1, magic shield
a: Heroism, Renounce Religion


You were on level 5 of the Dungeon.
You worshipped Okawaru.
Okawaru was aware of your devotion.
You were not hungry.
You were a tree.
You visited 2 branches of the dungeon, and saw 6 of its levels.

You collected 166 gold pieces.

Inventory:

Hand Weapons
 p - a +2 hand axe of flaming (weapon)
Missiles
 d - 3 throwing nets (quivered)
Armour
 e - a +4 chain mail (melded)
 k - a +1 cloak (melded)
 q - a +1 helmet (melded)
Jewellery
 u - a ring of protection from magic (left branch)
Wands
 v - a wand of flame (40/48)
Scrolls
 b - a scroll of remove curse
 c - 2 scrolls of immolation {unknown}
 h - a scroll of fog {unknown}
 j - a scroll of enchant armour {unknown}
 l - 5 scrolls of identify {unknown}
 m - a scroll of amnesia {unknown}
 o - 2 scrolls of noise {unknown}
 r - 2 scrolls of teleportation {unknown}
 y - a scroll of random uselessness {unknown}
Potions
 a - a potion of lignification
 n - a potion of magic {unknown}
 s - a potion of might {unknown}
 t - a potion of brilliance
 z - a potion of mutation {unknown}
 A - a potion of flight {unknown}
Books
 w - a book of Misfortune

   Spells                             Type                      Level
   a - Confusing Touch                Hexes                        1
   b - Confuse                        Hexes                        3
   c - Gell's Gravitas                Hexes/Translocation          3
   d - Petrify                        Transmutation/Earth          4
   e - Metabolic Englaciation         Hexes/Ice                    5
   f - Yara's Violent Unravelling     Hexes/Transmutation          5
 x - a book of the Dragon

   Spells                             Type                      Level
   a - Flame Tongue                   Conjuration/Fire             1
   b - Cause Fear                     Hexes                        4
   c - Bolt of Fire                   Conjuration/Fire             6
   d - Dragon Form                    Transmutation                7
   e - Dragon's Call                  Summoning                    9
Comestibles
 f - 3 bread rations
 i - 3 meat rations


   Skills:
 * Level 5.2(10.2) Fighting
 + Level 4.0(9.0) Axes
 - Level 1.7(6.7) Throwing
 + Level 2.7(7.7) Armour
 + Level 4.1(9.1) Dodging


You had 6 spell levels left.
You didn't know any spells.

Dungeon Overview and Level Annotations

Branches:
Dungeon (5/15)             Temple (1/1) D:4

Altars:
Ashenzari
Cheibriados
Dithmenos
Elyvilon
Gozag
Hepliaklqana
Makhleb
Nemelex Xobeh
Okawaru
Qazlal
Uskayaw
Vehumet
Xom
Zin

Annotations:
D:5 Torax's ghost, novice OgAM


Innate Abilities, Weirdness & Mutations

((You have razor-sharp toenails.))
You are surrounded by a mild repulsion field. (EV +2)
When hurt, damage is shared between your health and your magic reserves.


Message History

You hit Torax's ghost. You burn Torax's ghost.
Torax's ghost is heavily damaged.
Torax's ghost hits you but does no damage. x2
You gain the combat prowess of a mighty hero.
Torax's ghost hits you.
* * * LOW HITPOINT WARNING * * *
You hit Torax's ghost.
Torax's ghost is heavily damaged.
You hit Torax's ghost. You burn Torax's ghost.
Torax's ghost is severely damaged.
Torax's ghost shrieks, "I was like you once."
Torax's ghost hits you but does no damage.
You barely miss Torax's ghost.
Torax's ghost is severely damaged.
Torax's ghost hits you!
* * * LOW HITPOINT WARNING * * *
You hit Torax's ghost but do no damage.
Torax's ghost is severely damaged.
Torax's ghost hits you!!
You die...

..#.....#
#...#
..#.....#
###.#
#>#.....#
#.# .
#.......#
#.# ..
#....>..#
#.# .._
........#
#.# .[.
........#
#.# ..
....#####
#.##.#
....#
#.♣..#
.......
#.W###
....####
..(..
.....
###.#.#
.#....
..#.. .
....#
.#####. .
#.... .
#. #


You could see Torax's ghost.

Vanquished Creatures
  Duvessa (D:4)
  An ogre (D:4)
  Dowan (D:4)
  A howler monkey (D:4)
  A hound (D:4)
  A jelly (D:4)
  An orc wizard (D:4)
  An orc priest (D:4)
  A hound skeleton (D:4)
  Robin (D:2)
  4 adders
  An ooze (D:3)
  3 worms
  2 dart slugs (D:2)
  8 orcs
  2 giant cockroaches
  13 goblins
  13 hobgoblins
  6 jackals (D:4)
  8 kobolds
  2 quokkas
  5 bats
  3 giant newts
  A quokka zombie (D:5)
  3 rats
84 creatures vanquished.

Notes
Turn   | Place    | Note
-------+----------+-------------------------------------------
     0 | D:1      | MTVSty1e the Demonspawn Gladiator began the quest for the Orb.
     0 | D:1      | Reached XP level 1. HP: 16/16 MP: 1/1
   322 | D:1      | Gained mutation: You are surrounded by a mild repulsion field. (EV +2) [demonic ancestry]
   322 | D:1      | Reached XP level 2. HP: 23/23 MP: 2/2
   703 | D:2      | Reached skill level 1 in Armour
   894 | D:2      | Noticed Robin
   904 | D:2      | Gained mutation: When hurt, damage is shared between your health and your magic reserves. [demonic ancestry]
   904 | D:2      | Reached XP level 3. HP: 21/28 MP: 3/3
   921 | D:2      | Killed Robin
  1027 | D:2      | Found a shadowy altar of Dithmenos.
  1188 | D:2      | Reached skill level 3 in Fighting
  1188 | D:2      | Reached XP level 4. HP: 35/35 MP: 4/4
  1975 | D:4      | Noticed an ogre
  1984 | D:4      | Killed an ogre
  1984 | D:4      | Gained mutation: You have sharp toenails. [demonic ancestry]
  1984 | D:4      | Reached XP level 5. HP: 25/42 MP: 3/5
  2211 | D:4      | Reached skill level 4 in Fighting
  2266 | D:4      | Reached XP level 6. HP: 46/49 MP: 6/6
  2537 | D:4      | Found a staircase to the Ecumenical Temple.
  2550 | Temple   | Entered the Ecumenical Temple
  2577 | Temple   | Became a worshipper of Warmaster Okawaru
  2971 | D:5      | Entered Level 5 of the Dungeon
  2987 | D:5      | Noticed Duvessa
  2987 | D:5      | Noticed Dowan
  3013 | D:4      | Killed Duvessa
  3016 | D:4      | Reached skill level 5 in Fighting
  3028 | D:4      | Killed Dowan
  3028 | D:4      | Reached * piety under Okawaru
  3028 | D:4      | Gained mutation: You have razor-sharp toenails. [demonic ancestry]
  3028 | D:4      | Reached XP level 7. HP: 30/56 MP: 4/7
  3301 | D:5      | Found a shadowy altar of Dithmenos.
  3301 | D:5      | Noticed Torax's ghost (novice OgAM)
  3318 | D:5      | Mangled by Torax's ghost

Vault maps used:
D:1:      minmay_arrival_doors, minmay_misc_feat_tiny
D:2:      grunt_dithmenos_smoke, uniq_robin
D:3:      first_bread, kennysheep_generic_room_12
D:5:      basic_altar, uniq_duvessa, uniq_grinder
Temple:   compressed_dpeg_triangle_lava_temple

Skill      XL: |  1  2  3  4  5  6 |
---------------+-------------------+-----
Armour         | 1 2 |  2.7
Dodging        | 3 4 |  4.1
Axes           | 3 4 |  4.0
Fighting       | 3 4 5 |  5.2
Throwing       | |  1.7

Action                   |  1- 3 |  4- 6 |  7- 9 || total
-------------------------+-------+-------+-------++-------
Melee: War axe           |    72 |       |       ||    72
       Hand axe          |    39 |   130 |    13 ||   182
       Kick              |       |    23 |     1 ||    24
Invok: Heroism           |       |       |     1 ||     1
  Use: Potion            |       |     4 |     3 ||     7
       Scroll            |       |     1 |       ||     1
  Eat: Royal jelly       |     1 |       |       ||     1
       Beef jerky        |       |     1 |       ||     1
       Meat ration       |       |     1 |       ||     1
Armor: Chain mail        |    68 |    70 |     2 ||   140
       Leather armour    |     5 |       |       ||     5
       Skin              |       |       |     6 ||     6
Dodge: Dodged            |    61 |    67 |     1 ||   129
